[Event "Titled Tuesday Blitz April 12 Late 2022"]
[White "Nakamura, Hikaru"]
[Black "Caruana, Fabiano"]
[WhiteFideId "2016192"]
[BlackFideId "2020009"]
[WhiteElo "2850"]
[BlackElo "2744"]
[Result "1-0"]
[Round "08"]
[TimeControl "180+1"]
[Date "2022.04.12"]
[WhiteClock "0:00:37"]
[BlackClock "0:00:03"]

1. d4 Nf6 2. Nf3 d5 3. c4 e6 4. Nc3 Bb4 5. Qa4+ Nc6 6. e3 O-O 7. Qc2 Re8 8. Bd2 b6 9. cxd5 exd5 10. Bd3 Bf8 11. a3 Ne7 12. Rc1 c5 13. dxc5 bxc5 14. O-O Ng6 15. Bb5 Bd7 16. Bxd7 Qxd7 17. Rfd1 Rac8 18. Ne2 Qe6 19. Ng3 Ne4 20. Bc3 Nxc3 21. Qxc3 Red8 22. Qa5 Qb6 23. Qd2 h6 24. Rc2 Be7 25. Qc1 Bf6 26. Nh5 Be7 27. b4 c4 28. Rcd2 Qe6 29. Qc3 Bf8 30. Rd4 Qf5 31. Ng3 Qf6 32. Qc2 Qe6 33. e4 Nf4 34. Qd2 Nd3 35. Qc3 dxe4 36. Rxe4 Qb6 37. Rf1 Qc6 38. Rg4 g6 39. Nh5 Rd6 40. Nd2 Qd7 41. Ne4 Rcc6 42. Nxd6 Rxd6 43. h3 Qe6 44. Nf4 Qf5 45. Nxd3 cxd3 46. Qd2 h5 47. Rg3 h4 48. Rf3 Qe4 49. Rd1 Bg7 50. Rxd3 Re6 51. Re3 1-0


[Site "https://www.chess.com"]

[Event "Titled Tuesday Blitz April 12 Late 2022"]
[White "Narayanan.S.L"]
[Black "Manolache, Marius"]
[WhiteFideId "5058422"]
[BlackFideId "1201530"]
[WhiteElo "2494"]
[BlackElo "2364"]
[Result "1-0"]
[Round "08"]
[TimeControl "180+1"]
[Date "2022.04.12"]
[WhiteClock "0:00:49"]
[BlackClock "0:00:10"]

1. d4 Nf6 2. Nc3 d6 3. e4 g6 4. Bg5 h6 5. Bh4 Nc6 6. Nf3 Bg4 7. Bb5 a6 8. Bxc6+ bxc6 9. h3 Bxf3 10. Qxf3 g5 11. Bg3 Qd7 12. e5 dxe5 13. Bxe5 Bg7 14. O-O O-O 15. Rfe1 Rab8 16. b3 a5 17. Rad1 Rfd8 18. Na4 Rdc8 19. Nc5 Qd5 20. Qe2 Qd8 21. c4 e6 22. Rd3 Nd7 23. Bxg7 Kxg7 24. Ne4 Nf6 25. Nd2 a4 26. Nf3 axb3 27. axb3 Nd7 28. d5 exd5 29. cxd5 c5 30. d6 c6 31. h4 Qf6 32. hxg5 hxg5 33. Nxg5 Re8 34. Ne4 Qh4 35. Rg3+ Kf8 36. Rh3 Qf4 37. Qh5 Qe5 38. Qxe5 Nxe5 39. Rh8+ Kg7 40. Rxe8 Rxe8 41. Kf1 Nd7 42. f3 Re5 43. Nd2 Rxe1+ 44. Kxe1 Kf6 45. Kf2 Ke5 46. Nc4+ Kd4 47. f4 Kc3 48. Ne5 Nf8 49. d7 Ne6 50. Nxc6 Kxb3 51. f5 1-0


[Site "https://www.chess.com"]

[Event "Titled Tuesday Blitz April 12 Late 2022"]
[White "Nazaretyan, Tigran"]
[Black "Sheng, Joshua"]
[WhiteFideId "24162345"]
[BlackFideId "2057360"]
[WhiteElo "2225"]
[BlackElo "2142"]
[Result "1-0"]
[Round "08"]
[TimeControl "180+1"]
[Date "2022.04.12"]
[WhiteClock "0:02:27"]
[BlackClock "0:02:54"]

1. d4 Nf6 2. c4 c6 3. Nf3 d5 4. Nc3 a6 5. e3 b5 6. b3 Bg4 7. Be2 e6 8. h3 Bh5 9. O-O Nbd7 10. Bb2 Bd6 11. Ne5 Bxe2 12. Nxe2 Qc7 13. cxd5 cxd5 14. Rc1 Qb8 15. Nxd7 Kxd7 16. Rc2 Qb6 17. Qd3 Rac8 18. Rfc1 Rxc2 19. Qxc2 Rc8 1-0


[Site "https://www.chess.com"]

[Event "Titled Tuesday Blitz April 12 Late 2022"]
[White "Noboa Silva, Kevin"]
[Black "Kozak, Adam"]
[WhiteFideId "3618471"]
[BlackFideId "753246"]
[WhiteElo "2172"]
[BlackElo "2459"]
[Result "0-1"]
[Round "08"]
[TimeControl "180+1"]
[Date "2022.04.13"]
[WhiteClock "0:00:08"]
[BlackClock "0:00:38"]

1. d4 Nf6 2. c4 g6 3. Nc3 Bg7 4. e4 d6 5. h3 O-O 6. Bg5 Nbd7 7. Bd3 e5 8. d5 a5 9. Nge2 h6 10. Be3 Nh5 11. Qd2 Kh7 12. g4 Nf4 13. Nxf4 exf4 14. Bxf4 Ne5 15. O-O-O a4 16. a3 Bd7 17. Be2 b5 18. cxb5 Rb8 19. Be3 Be8 20. f4 Nd7 21. h4 Nc5 22. Bxc5 dxc5 23. e5 Qe7 24. g5 h5 25. Rhe1 Bd7 26. Bd3 Kh8 27. Bc2 Bg4 28. Bxa4 Rfd8 29. Kb1 Bxd1 30. Rxd1 Qd7 31. b6 Qe7 32. bxc7 Qxc7 33. d6 Qb6 34. Nd5 Qa6 35. Nc3 c4 36. Qd5 Rb7 37. Bb5 Qa7 38. a4 Qe3 39. Qd4 Qg3 40. Qxc4 Qxh4 41. Bc6 Rbb8 42. Qxf7 Qf2 43. Qa2 Qxf4 44. Re1 Bxe5 45. Qa3 Bg7 46. d7 Qf5+ 47. Ka1 Kh7 48. Re8 Qxg5 49. Ka2 Qf6 50. Rxd8 Rxd8 51. Qc5 Qe6+ 52. Ka3 Bf8 53. b4 Bxc5 54. bxc5 Qxc6 55. Kb4 Rxd7 56. Nb5 Qe4+ 57. Ka5 Qc4 58. Kb6 Qxa4 59. c6 Qxb5+ 60. Kxb5 Rc7 61. Kb6 Rxc6+ 62. Kxc6 h4 63. Kd5 h3 64. Ke4 h2 65. Kf3 h1=Q+ 66. Kg4 Qh5+ 67. Kg3 Qf5 68. Kh2 Kg7 69. Kh1 Kf7 0-1


[Site "https://www.chess.com"]

[Event "Titled Tuesday Blitz April 12 Late 2022"]
[White "Novikova, Galina"]
[Black "Akrakan"]
[WhiteFideId "4157095"]
[WhiteElo "1863"]
[BlackElo "2160"]
[Result "1-0"]
[Round "08"]
[TimeControl "180+1"]
[Date "2022.04.13"]
[WhiteClock "0:00:50"]
[BlackClock "0:01:17"]

1. e4 c5 2. Nf3 Nc6 3. d4 cxd4 4. Nxd4 Nf6 5. Nc3 d6 6. h3 Qa5 7. Nb3 Qc7 8. g4 a6 9. Bg2 g6 10. g5 Nd7 11. Nd5 Qd8 12. O-O Bg7 13. Be3 O-O 14. c3 e6 15. Nf4 Nde5 16. h4 b5 17. Qd2 Qe7 18. Rad1 Rd8 19. Nd3 Bb7 20. f4 Nc4 21. Qe2 Nxe3 22. Qxe3 Rac8 23. h5 b4 24. hxg6 hxg6 25. cxb4 a5 26. bxa5 Nxa5 27. Nxa5 Ba6 28. Nb3 Rc2 29. Rf2 Rc4 30. Qb6 Bb7 31. Rc1 Ra4 32. Rc7 1-0


[Site "https://www.chess.com"]

[Event "Titled Tuesday Blitz April 12 Late 2022"]
[White "Nozdrachev, Leonid"]
[Black "Senthilkumar, Pranav"]
[WhiteFideId "24113433"]
[BlackFideId "2083477"]
[WhiteElo "2242"]
[BlackElo "2383"]
[Result "0-1"]
[Round "08"]
[TimeControl "180+1"]
[Date "2022.04.13"]
[WhiteClock "0:01:17"]
[BlackClock "0:02:13"]

1. e4 e5 2. Nf3 Nc6 3. c3 Nf6 4. d4 exd4 5. e5 Nd5 6. cxd4 Bb4+ 7. Bd2 O-O 8. Bd3 d6 9. O-O Bg4 10. exd6 Nxd4 11. dxc7 Qf6 12. Bxb4 Nxf3+ 13. gxf3 Bxf3 14. Qd2 Nf4 15. Rc1 Qg5+ 16. Kf1 Qg2+ 17. Ke1 Rfe8+ 18. Qe3 Rxe3+ 19. fxe3 Nxd3# 0-1


[Site "https://www.chess.com"]

[Event "Titled Tuesday Blitz April 12 Late 2022"]
[White "Olcayoz, Alper"]
[Black "Lewicki, Miroslaw"]
[WhiteFideId "6300405"]
[BlackFideId "1113380"]
[WhiteElo "2255"]
[BlackElo "2283"]
[Result "0-1"]
[Round "08"]
[TimeControl "180+1"]
[Date "2022.04.13"]
[WhiteClock "0:00:04"]
[BlackClock "0:00:49"]

1. d4 b6 2. Nc3 Bb7 3. f3 g6 4. e4 Bg7 5. Be3 e6 6. Qd2 h5 7. Nh3 Ne7 8. O-O-O d5 9. Nf4 dxe4 10. fxe4 O-O 11. d5 exd5 12. Nfxd5 Nxd5 13. exd5 Nd7 14. Bh6 Qf6 15. Bxg7 Kxg7 16. Bb5 Rad8 17. Rhf1 Qh4 18. g3 Qh3 19. Qd4+ f6 20. Bxd7 Rxd7 21. Rf2 Qg4 22. Rf4 Qg5 23. Rf1 Rdf7 24. h4 Qe5 25. Kd2 Qxd4+ 26. Rxd4 g5 27. Ne4 Kg6 28. c4 Bc8 29. d6 c5 30. Rd3 Bf5 31. d7 Rxd7 32. Rxd7 Bxd7 33. hxg5 Bc6 34. Nxf6 Rd8+ 35. Ke3 Kxg5 36. Nh7+ Kg4 37. Nf6+ Kxg3 38. Nxh5+ Kh4 39. Nf6 Kg5 40. Ne4+ Bxe4 41. Rf6 Kxf6 42. Kxe4 Rd4+ 0-1


[Site "https://www.chess.com"]

[Event "Titled Tuesday Blitz April 12 Late 2022"]
[White "Omariev, Maksim"]
[Black "Gatterer, Florian"]
[WhiteFideId "4193423"]
[BlackFideId "811688"]
[WhiteElo "2499"]
[BlackElo "2218"]
[Result "0-1"]
[Round "08"]
[TimeControl "180+1"]
[Date "2022.04.13"]
[WhiteClock "0:00:01"]
[BlackClock "0:00:17"]

1. e4 e5 2. Nf3 Nc6 3. Bb5 a6 4. Ba4 Nf6 5. O-O b5 6. Bb3 Bc5 7. c3 d6 8. d4 Bb6 9. h3 Bb7 10. Re1 h6 11. Bc2 O-O 12. Be3 exd4 13. Nxd4 Nxd4 14. Bxd4 Bxd4 15. cxd4 Re8 16. Nd2 c5 17. Rc1 cxd4 18. f4 Qb6 19. Kh2 Rac8 20. Qf3 a5 21. Qd3 d5 22. e5 Ne4 23. Nf3 g6 24. Nxd4 Rc4 25. Ne2 Rec8 26. Bb3 Rxc1 27. Rxc1 Rxc1 28. Nxc1 Qf2 29. Ne2 Nd2 30. Qxd2 d4 31. Bxf7+ Kg7 32. Bd5 Bxd5 33. Ng3 Qxd2 0-1


[Site "https://www.chess.com"]

[Event "Titled Tuesday Blitz April 12 Late 2022"]
[White "Ozates, Tuna"]
[Black "Sochacki, Christophe"]
[WhiteFideId "6354521"]
[BlackFideId "662569"]
[WhiteElo "2553"]
[BlackElo "2674"]
[Result "0-1"]
[Round "08"]
[TimeControl "180+1"]
[Date "2022.04.13"]
[WhiteClock "0:00:01"]
[BlackClock "0:00:46"]

1. e4 e6 2. d4 d5 3. e5 c5 4. c3 Nc6 5. Nf3 Bd7 6. Bd3 Qb6 7. O-O cxd4 8. cxd4 Nxd4 9. Nxd4 Qxd4 10. Nc3 a6 11. Re1 Ne7 12. Qe2 Nc6 13. Be3 Qh4 14. g3 Qh3 15. Bf4 Bc5 16. Rac1 Ba7 17. Qd1 Bxf2+ 18. Kxf2 Qxh2+ 19. Kf1 g5 20. Bxg5 Qh3+ 21. Kf2 Qh2+ 22. Kf1 Qxg3 23. Qd2 Rg8 24. Be3 d4 25. Ne4 Qh3+ 26. Ke2 dxe3 27. Nd6+ Ke7 28. Qxe3 Rg2+ 29. Kd1 Rg3 30. Nf5+ exf5 31. Qc5+ Ke8 32. Bc4 Rd8 33. Kc2 Be6 34. Kb1 Qg4 35. Bxe6 fxe6 0-1


[Site "https://www.chess.com"]

[Event "Titled Tuesday Blitz April 12 Late 2022"]
[White "Ozdemir, Serhan Berat"]
[Black "Lewtak, Damian"]
[WhiteFideId "6374611"]
[BlackFideId "1141724"]
[WhiteElo "1920"]
[BlackElo "2362"]
[Result "0-1"]
[Round "08"]
[TimeControl "180+1"]
[Date "2022.04.13"]
[WhiteClock "0:01:47"]
[BlackClock "0:01:44"]

1. e4 c5 2. Nf3 d6 3. d4 cxd4 4. Nxd4 Nf6 5. Nc3 Nc6 6. f3 e5 7. Nb3 Be6 8. Be3 Be7 9. Qd2 O-O 10. O-O-O a5 11. Bb5 Na7 12. Bxa7 Rxa7 13. Qe3 Ra8 14. g4 Nxg4 15. Qe2 Nf6 16. Rhg1 g6 17. Kb1 Nh5 18. Qe3 Kh8 19. Nxa5 Qxa5 0-1


[Site "https://www.chess.com"]

[Event "Titled Tuesday Blitz April 12 Late 2022"]
[White "Papp, Levente"]
[Black "Pesotskiy, Mikhail"]
[WhiteFideId "751243"]
[BlackFideId "34164453"]
[WhiteElo "2308"]
[BlackElo "2010"]
[Result "1/2-1/2"]
[Round "08"]
[TimeControl "180+1"]
[Date "2022.04.13"]
[WhiteClock "0:00:17"]
[BlackClock "0:00:17"]

1. c4 e5 2. g3 Nc6 3. Nc3 Bc5 4. Bg2 a6 5. e3 d6 6. Nge2 Ba7 7. O-O h5 8. h3 h4 9. g4 f5 10. gxf5 Bxf5 11. d4 Nf6 12. e4 Bg6 13. d5 Nd4 14. Kh2 Qe7 15. f4 Nxe2 16. Qxe2 exf4 17. Bxf4 O-O-O 18. e5 dxe5 19. Qxe5 Rhe8 20. Qxe7 Rxe7 21. Bg5 Bd4 22. Rae1 Rde8 23. Rxe7 Rxe7 24. Bxh4 Bd3 25. Rd1 Be5+ 26. Bg3 Bxc4 27. Bxe5 Rxe5 28. b3 Re3 29. Na4 Bb5 30. Nc5 Re2 31. a4 Bd7 32. Rd4 Rc2 33. b4 b6 34. Nxd7 Kxd7 35. Kg3 Kd6 36. Bf3 Ra2 37. b5 axb5 38. axb5 Rb2 39. Rc4 Rxb5 40. h4 Rb3 41. Kf4 Nxd5+ 42. Bxd5 Kxd5 43. Rxc7 Rh3 44. Kg5 Rh1 45. Rxg7 b5 46. h5 Kc4 47. h6 b4 48. Rc7+ Kd3 49. Rb7 Kc3 50. Kg6 b3 51. h7 b2 52. Kg7 Kc2 53. Rxb2+ Kxb2 54. h8=Q Rxh8 55. Kxh8 1/2-1/2


[Site "https://www.chess.com"]

[Event "Titled Tuesday Blitz April 12 Late 2022"]
[White "Papp, Petra"]
[Black "Hardaway, Brewington"]
[WhiteFideId "739049"]
[BlackFideId "30941849"]
[WhiteElo "2259"]
[BlackElo "1768"]
[Result "0-1"]
[Round "08"]
[TimeControl "180+1"]
[Date "2022.04.13"]
[WhiteClock "0:00:02"]
[BlackClock "0:01:30"]

1. e4 d6 2. d4 Nd7 3. Nc3 c5 4. Nf3 g6 5. Be3 cxd4 6. Nxd4 Bg7 7. Qd2 Ngf6 8. f3 O-O 9. Bc4 Ne5 10. Bb3 Bd7 11. O-O-O a5 12. a4 Rc8 13. Kb1 Nc4 14. Bxc4 Rxc4 15. b3 Rc8 16. g4 Bc6 17. g5 Nd7 18. h4 Ne5 19. h5 Nxf3 20. Nxf3 Bxc3 21. Qxc3 Bxe4 22. Qd4 Bxf3 23. hxg6 fxg6 24. Bc1 e5 25. Qh4 Qc7 26. c4 Bxd1 27. Rxd1 Rf3 28. Ka2 Qf7 29. Rxd6 b5 30. Qe4 bxc4 31. Qxe5 cxb3+ 32. Kb1 b2 33. Bxb2 Rf1+ 0-1


[Site "https://www.chess.com"]

[Event "Titled Tuesday Blitz April 12 Late 2022"]
[White "Petrova, Irina"]
[Black "Reprintsev, Alexander"]
[WhiteFideId "14124122"]
[BlackFideId "14100541"]
[WhiteElo "1993"]
[BlackElo "2108"]
[Result "0-1"]
[Round "08"]
[TimeControl "180+1"]
[Date "2022.04.13"]
[WhiteClock "0:00:01"]
[BlackClock "0:00:09"]

1. e4 d5 2. exd5 Qxd5 3. Nc3 Qa5 4. d4 Nf6 5. Bd2 Bg4 6. f3 Bd7 7. Bc4 Qb6 8. Nge2 e6 9. Bb3 Nc6 10. Be3 Na5 11. Qd2 Qa6 12. O-O Nc4 13. Bxc4 Qxc4 14. Rfe1 O-O-O 15. b3 Qa6 16. a4 Bb4 17. Qd1 Rhe8 18. Kh1 e5 19. dxe5 Rxe5 20. Qd4 Bxc3 21. Nxc3 Rde8 22. Nb5 Rxe3 23. Rxe3 Bxb5 24. Rd1 Qd6 25. Rxe8+ Bxe8 26. Qxd6 cxd6 27. Rxd6 Kc7 28. Rd2 Bd7 29. Kg1 a5 30. Kf2 Be6 31. g3 b6 32. Ke3 Kc6 33. Kd4 g5 34. c4 h6 35. Kc3 Nd7 36. b4 axb4+ 37. Kxb4 Ne5 38. f4 gxf4 39. gxf4 Nf3 40. Rf2 Nd4 41. Rd2 Nf5 42. a5 bxa5+ 43. Kxa5 Bxc4 44. Kb4 Be6 45. Kc3 Nh4 46. Kd3 Bd5 47. Rf2 Kd6 48. Ke3 Nf5+ 49. Kd3 Ke6 50. Re2+ Kf6 51. Rb2 Be6 52. Rb6 Nh4 53. Ke4 h5 54. Ra6 Nf5 55. Rb6 Ne7 56. Kf3 Kg7 57. Kg3 Nf5+ 58. Kf3 Bd7 59. Rb7 Bc6+ 60. Kf2 Bxb7 0-1


[Site "https://www.chess.com"]

[Event "Titled Tuesday Blitz April 12 Late 2022"]
[White "Petrovic, Aleksa"]
[Black "Pourkashiyan, Atousa"]
[WhiteFideId "967629"]
[BlackFideId "12502014"]
[WhiteElo "2198"]
[BlackElo "2247"]
[Result "1-0"]
[Round "08"]
[TimeControl "180+1"]
[Date "2022.04.13"]
[WhiteClock "0:00:21"]
[BlackClock "0:00:26"]

1. Nf3 d5 2. g3 Nf6 3. Bg2 c6 4. d3 Bf5 5. O-O e6 6. b3 h6 7. Bb2 Nbd7 8. Nbd2 Bc5 9. d4 Be7 10. Ne5 O-O 11. Nd3 b6 12. f3 c5 13. e4 dxe4 14. fxe4 Bg4 15. Qe1 cxd4 16. e5 Nd5 17. h3 Bh5 18. Bxd5 exd5 19. Nf4 Bg6 20. Nxg6 fxg6 21. Bxd4 Bc5 22. Qe3 Qg5 23. Bxc5 Nxc5 24. Qxg5 hxg5 25. Rxf8+ Rxf8 26. Re1 Re8 27. Nf3 Ne4 28. c4 Nc3 29. Re3 Nd1 30. Rd3 Rf8 31. cxd5 Nb2 32. Rd2 Rxf3 33. d6 Rxg3+ 34. Kh2 Rd3 35. Rxd3 Nxd3 36. d7 Nxe5 37. d8=Q+ Kh7 38. Kg3 Nf7 39. Qc7 Nh6 40. Qxa7 Nf5+ 41. Kg4 b5 42. Kxg5 Ne3 43. Qxe3 1-0


[Site "https://www.chess.com"]

[Event "Titled Tuesday Blitz April 12 Late 2022"]
[White "Petrovskyi, Vadym"]
[Black "Paravyan, David"]
[WhiteFideId "14165210"]
[BlackFideId "4194985"]
[WhiteElo "2400"]
[BlackElo "2569"]
[Result "0-1"]
[Round "08"]
[TimeControl "180+1"]
[Date "2022.04.12"]
[WhiteClock "0:00:51"]
[BlackClock "0:01:46"]

1. e4 e5 2. Nf3 Nf6 3. Nxe5 d6 4. Nf3 Nxe4 5. Nc3 Nxc3 6. dxc3 Be7 7. Be3 O-O 8. Qd2 Nd7 9. Bd3 Nf6 10. O-O-O Re8 11. Rde1 Bd7 12. Kb1 c5 13. c4 b5 14. Bf4 bxc4 15. Bxc4 Bc6 16. a3 d5 17. Ba2 Ne4 18. Qe2 Bf6 19. Qa6 Qd7 20. c4 Bb7 21. Qa5 Qf5 22. Bc7 Nxf2+ 23. Ka1 Nxh1 24. Rxh1 dxc4 25. Bxc4 Qc2 0-1


[Site "https://www.chess.com"]

[Event "Titled Tuesday Blitz April 12 Late 2022"]
[White "Prado, Alexandra"]
[Black "Antonova, Nadezhda"]
[WhiteFideId "3301346"]
[BlackFideId "14700182"]
[WhiteElo "1678"]
[BlackElo "1789"]
[Result "0-1"]
[Round "08"]
[TimeControl "180+1"]
[Date "2022.04.13"]
[WhiteClock "0:00:02"]
[BlackClock "0:00:42"]

1. e4 c5 2. Nf3 d6 3. c3 Nf6 4. Be2 Nbd7 5. Qc2 g6 6. O-O Bg7 7. Re1 O-O 8. d4 cxd4 9. Nxd4 a6 10. a4 Qc7 11. Nd2 b6 12. N2f3 Bb7 13. Bf1 e5 14. Nb3 Nc5 15. Nxc5 dxc5 16. Bg5 Nd7 17. Rad1 Rfe8 18. Bc4 Nf8 19. Bh4 Bc6 20. Bg3 b5 21. axb5 axb5 22. Bd5 c4 23. Rd2 Ne6 24. Red1 Nf4 25. Bxc6 Qxc6 26. Rd6 Qc5 27. Rd7 Nd3 28. Ng5 Rf8 29. b4 Qc6 30. Rd5 f6 31. Nf3 Rfd8 32. Rxd8+ Rxd8 33. Ne1 Qxe4 34. Nxd3 cxd3 35. Qa2+ Qc4 36. Qd2 f5 37. f3 e4 38. Bh4 Bxc3 39. Qf4 Re8 40. fxe4 Qxe4 41. Qc7 Qe3+ 0-1


[Site "https://www.chess.com"]

[Event "Titled Tuesday Blitz April 12 Late 2022"]
[White "Prohorov, Olexandr"]
[Black "Stanisz, Patryk"]
[WhiteFideId "14105578"]
[BlackFideId "1123106"]
[WhiteElo "1993"]
[BlackElo "1833"]
[Result "1/2-1/2"]
[Round "08"]
[TimeControl "180+1"]
[Date "2022.04.13"]
[WhiteClock "0:02:52"]
[BlackClock "0:02:37"]

1. e4 c5 2. c3 Nf6 3. e5 Nd5 4. Nf3 Nc6 5. Bc4 Nb6 6. Bb3 d5 7. exd6 Qxd6 8. O-O Bf5 9. d4 cxd4 10. cxd4 e6 11. a4 Be7 12. a5 Nd5 13. a6 b6 14. Nc3 1/2-1/2


[Site "https://www.chess.com"]

[Event "Titled Tuesday Blitz April 12 Late 2022"]
[White "Przybylski, Wojciech"]
[Black "Volkov, Maksim"]
[WhiteFideId "1117599"]
[BlackFideId "54123070"]
[WhiteElo "2133"]
[BlackElo "2081"]
[Result "1-0"]
[Round "08"]
[TimeControl "180+1"]
[Date "2022.04.12"]
[WhiteClock "0:00:49"]
[BlackClock "0:00:14"]

1. d4 d5 2. Nf3 Nf6 3. c4 e6 4. Nc3 c6 5. Bg5 h6 6. Bh4 dxc4 7. e4 g5 8. Bg3 b5 9. Qc2 Bb7 10. h4 g4 11. Ne5 Qxd4 12. Rd1 Qb6 13. Be2 h5 14. a4 Be7 15. Bf4 Nbd7 16. Nxd7 Nxd7 17. e5 Nc5 18. Be3 Qa5 19. O-O b4 20. Ne4 Nxe4 21. Qxe4 c3 22. bxc3 bxc3 23. Rb1 Rb8 24. Rxb7 Rxb7 25. Qxc6+ Rd7 26. Bb5 Qd8 27. Rd1 O-O 28. Rxd7 Qe8 29. Bg5 Bb4 30. Qe4 Ba5 31. Bf6 Qc8 32. Qf4 1-0


[Site "https://www.chess.com"]

[Event "Titled Tuesday Blitz April 12 Late 2022"]
[White "Putri, Regita Desyari"]
[Black "Hartikainen, Jarmo"]
[WhiteFideId "7109083"]
[BlackFideId "503134"]
[WhiteElo "1930"]
[BlackElo "2109"]
[Result "1-0"]
[Round "08"]
[TimeControl "180+1"]
[Date "2022.04.13"]
[WhiteClock "0:01:05"]
[BlackClock "0:00:05"]

1. c4 Nf6 2. Nc3 g6 3. g3 Bg7 4. Bg2 O-O 5. Nf3 d5 6. d4 c5 7. O-O dxc4 8. dxc5 Nc6 9. Qa4 Bd7 10. Qxc4 Rc8 11. Rd1 Qa5 12. Be3 Nb4 13. Rac1 a6 14. a3 Nc6 15. h3 Be6 16. Qa4 Qxa4 17. Nxa4 Bb3 18. Nb6 Bxd1 19. Nxc8 Bxe2 20. Nb6 Rd8 21. Rc2 Bd3 22. Rc1 Nd7 23. Na4 e5 24. Ne1 e4 25. Nc3 Nce5 26. Nd5 Kf8 27. b4 f5 28. Bg5 Nf6 29. Nxf6 Bxf6 30. Bxf6 Rd5 31. Bxe5 Rxe5 32. Nxd3 exd3 33. Rd1 Re6 34. Rxd3 Ke7 35. Bxb7 Re2 36. Bxa6 Ra2 37. c6 1-0


[Site "https://www.chess.com"]

[Event "Titled Tuesday Blitz April 12 Late 2022"]
[White "Quintiliano Pinto, Renato R."]
[Black "O`Gorman, Tom"]
[WhiteFideId "2117568"]
[BlackFideId "2508249"]
[WhiteElo "2439"]
[BlackElo "2247"]
[Result "1/2-1/2"]
[Round "08"]
[TimeControl "180+1"]
[Date "2022.04.12"]
[WhiteClock "0:00:12"]
[BlackClock "0:00:15"]

1. e4 c5 2. Nf3 d6 3. c3 Nf6 4. Be2 g6 5. O-O Bg7 6. Bb5+ Nc6 7. Re1 O-O 8. h3 e5 9. d3 Bd7 10. Nbd2 a6 11. Ba4 Qe7 12. Bc2 h6 13. a4 Be6 14. Nf1 Rfd8 15. Ng3 Qc7 16. Qe2 d5 17. Be3 d4 18. cxd4 cxd4 19. Bd2 b5 20. Rec1 Qb7 21. Qd1 bxa4 22. Bxa4 Rac8 23. Bxc6 Rxc6 24. Rxc6 Qxc6 25. Qa4 Qxa4 26. Rxa4 Nd7 27. b4 Rb8 28. Rxa6 Bf8 29. Nf1 Bxb4 30. Bxh6 Nc5 31. Rxe6 Nxe6 32. Nxe5 g5 33. Ng3 Kh7 34. Nf5 f6 35. Nd7 Ra8 36. Nxf6+ Kg6 37. Nd5 Bd2 38. h4 Ra3 39. hxg5 Bxg5 40. Bxg5 Kxg5 41. g3 Rxd3 42. Kg2 Rd2 43. Kf3 Kg6 44. Nf4+ Nxf4 45. gxf4 Kf6 46. Ng3 Ra2 47. e5+ Ke6 48. Ke4 Rxf2 49. f5+ Ke7 50. Kxd4 Rf3 51. f6+ Ke6 52. Ne4 Rf4 53. Ke3 Kxe5 54. Nc5 Rf1 55. f7 Rxf7 56. Nd3+ Kd5 57. Nf4+ Kc5 58. Ke4 Ra7 59. Kf5 Ra4 60. Ke5 Ra1 61. Ne6+ Kc4 62. Nf4 Re1+ 63. Kf5 Kd4 64. Ne6+ Kd3 65. Kf6 Ke4 66. Ng5+ Kd5 67. Kf5 Rf1+ 68. Kg4 Ke5 69. Nf3+ Ke4 70. Nd2+ Ke3 71. Nxf1+ 1/2-1/2


[Site "https://www.chess.com"]

[Event "Titled Tuesday Blitz April 12 Late 2022"]
[White "Rasulov, Vugar"]
[Black "Sernecki, Franciszek"]
[WhiteFideId "13402390"]
[BlackFideId "1169297"]
[WhiteElo "2560"]
[BlackElo "2165"]
[Result "1-0"]
[Round "08"]
[TimeControl "180+1"]
[Date "2022.04.12"]
[WhiteClock "0:01:56"]
[BlackClock "0:00:02"]

1. d4 Nf6 2. c4 e6 3. Nc3 Bb4 4. Bd2 O-O 5. Nf3 b6 6. e3 Bb7 7. Be2 d6 8. O-O Nbd7 9. Qc2 Qe7 10. Rfd1 e5 11. a3 Bxc3 12. Bxc3 Ne4 13. b4 f5 14. Bb2 c5 15. dxe5 Nxe5 16. Nxe5 dxe5 17. f3 Nf6 18. b5 e4 19. f4 Rfd8 20. a4 a5 21. Qc3 Qe6 22. h3 h6 23. Kf2 Qe7 24. Qe5 Qxe5 25. Bxe5 Ne8 26. g4 fxg4 27. hxg4 Kf7 28. f5 Ke7 29. Kg3 Rxd1 30. Rxd1 Rd8 31. Rxd8 Kxd8 32. Kf4 Ke7 33. Bd1 Nf6 34. Bc2 Bc8 35. Bc7 g5+ 36. fxg6 Bxg4 37. Bxb6 Be2 38. Bxc5+ Ke6 39. b6 Bf3 40. Kg3 Nh5+ 41. Kf2 Kd7 42. Bd4 Kc6 43. c5 1-0


[Site "https://www.chess.com"]

[Event "Titled Tuesday Blitz April 12 Late 2022"]
[White "Rego, Vinicius V. de Almeida"]
[Black "Estrada Nieto, Julian"]
[WhiteFideId "2106485"]
[BlackFideId "5101018"]
[WhiteElo "2345"]
[BlackElo "2252"]
[Result "0-1"]
[Round "08"]
[TimeControl "180+1"]
[Date "2022.04.13"]
[WhiteClock "0:00:09"]
[BlackClock "0:00:51"]

1. Nf3 Nf6 2. c4 c6 3. g3 d5 4. Bg2 Bg4 5. Ne5 Be6 6. cxd5 Bxd5 7. Nf3 e5 8. Nc3 e4 9. Nd4 e3 10. Nxd5 exf2+ 11. Kxf2 Nxd5 12. Rf1 Bc5 13. e3 O-O 14. Nb3 Bb6 15. d4 Nd7 16. e4 Ne7 17. Be3 f5 18. e5 Ng6 19. Kg1 Ndxe5 20. Qe2 Ng4 21. Bf4 Bxd4+ 22. Nxd4 Qxd4+ 23. Kh1 Rae8 24. Qc2 Nxf4 25. Rxf4 Qb6 26. h3 Ne3 27. Qd3 Nxg2 28. Kxg2 Qxb2+ 29. Rf2 Qxa1 0-1


[Site "https://www.chess.com"]

[Event "Titled Tuesday Blitz April 12 Late 2022"]
[White "Romero Ruscalleda, Josep"]
[Black "Sellitti, Federico"]
[WhiteFideId "2231859"]
[BlackFideId "821829"]
[WhiteElo "2320"]
[BlackElo "2533"]
[Result "1/2-1/2"]
[Round "08"]
[TimeControl "180+1"]
[Date "2022.04.13"]
[WhiteClock "0:00:05"]
[BlackClock "0:00:02"]

1. e4 e5 2. Nf3 d5 3. Nxe5 Bd6 4. d4 dxe4 5. Nc4 Be7 6. Nc3 Nf6 7. Be2 O-O 8. O-O Re8 9. Be3 Nbd7 10. Qd2 Nb6 11. Ne5 Nfd5 12. Nxe4 f5 13. Nc3 Be6 14. Nxd5 Nxd5 15. c4 Nxe3 16. fxe3 c6 17. Bd3 Bf6 18. Nf3 g6 19. Rad1 Bf7 20. b3 Qe7 21. Rfe1 Rad8 22. Kh1 Kg7 23. e4 fxe4 24. Bxe4 Qd7 25. d5 cxd5 26. Bxd5 Bxd5 27. cxd5 Qd6 28. Rxe8 Rxe8 29. Qd3 Qc5 30. Qc4 Qe3 31. d6 Rd8 32. Re1 Qb6 33. Qc7+ Qxc7 34. dxc7 Rc8 35. Rc1 Kf7 36. Nd2 Ke7 37. Ne4 Be5 38. Rc4 Rxc7 39. g3 Rxc4 40. bxc4 Bd4 41. Kg2 Ke6 42. Kf3 Ke5 43. Ng5 h5 44. Ke2 Kd6 45. Kd3 Bc5 46. Ne4+ Kc6 47. h3 Be7 48. g4 hxg4 49. hxg4 a6 50. Kd4 b5 51. cxb5+ axb5 52. Ke5 b4 53. Ke6 Bd8 54. Nd2 Kb5 55. Ke5 Ka4 56. Nc4 Kb5 57. Kd4 Bf6+ 58. Kd3 g5 59. Nd2 Be5 60. Kc2 Bf4 61. Ne4 Kc4 62. Nf6 Kd4 63. Nh5 Ke4 64. Kb3 Bd6 65. Nf6+ Kf4 66. Ne8 Be7 67. Nc7 Kxg4 68. Nd5 Bd6 69. Nxb4 Bxb4 70. Kxb4 Kh3 71. a4 g4 72. a5 g3 73. a6 g2 74. a7 g1=Q 75. a8=Q Qb1+ 76. Kc4 Qc2+ 77. Kd4 Qd2+ 78. Ke5 Qe3+ 79. Qe4 Qg5+ 80. Kd4 Qd8+ 81. Qd5 Qb6+ 82. Qc5 Qf6+ 83. Qe5 Qd8+ 84. Ke3 Qh4 85. Qf5+ Qg4 86. Qh7+ Kg2 87. Qe4+ Qxe4+ 88. Kxe4 1/2-1/2


[Site "https://www.chess.com"]

[Event "Titled Tuesday Blitz April 12 Late 2022"]
[White "Ronka, Erik"]
[Black "Cabarkapa, Novak"]
[WhiteFideId "505080"]
[BlackFideId "943746"]
[WhiteElo "2264"]
[BlackElo "2443"]
[Result "0-1"]
[Round "08"]
[TimeControl "180+1"]
[Date "2022.04.12"]
[WhiteClock "0:00:12"]
[BlackClock "0:01:05"]

1. d4 Nf6 2. Nf3 g6 3. g3 Bg7 4. Bg2 O-O 5. O-O d6 6. b3 Nc6 7. Bb2 d5 8. c4 a5 9. cxd5 Qxd5 10. Ne5 Qd8 11. Nxc6 bxc6 12. Bxc6 Bh3 13. Bxa8 Qxa8 14. f3 Bxf1 15. Qxf1 a4 16. Na3 Nd5 17. e4 Nb4 18. Qc4 c5 19. Rb1 Nxa2 20. bxa4 Nb4 21. dxc5 Nc6 22. Bxg7 Kxg7 23. Nb5 Ne5 24. Qd4 f6 25. Kg2 Rd8 26. Nc7 Rxd4 27. Nxa8 Rxa4 28. Nb6 Ra2+ 29. Kf1 Rc2 30. f4 Nf3 31. Rb5 Nd2+ 32. Ke1 Nxe4 33. Nd7 Kf7 34. Kd1 Rd2+ 35. Ke1 Rxd7 0-1


[Site "https://www.chess.com"]